 Dungeon Crawl Stone Soup version bcrawl-1.27.6 (webtiles) character file.

Game seed: 14438422235949118939

197610 DogServant the Zephyrmancer (level 8, -2/41 HPs)
             Began as an Avariel Air Elementalist on Oct 7, 2020.
             Was an Initiate of Sif Muna.
             Slain by an ice beast (11 damage)
             ... on level 5 of the Dungeon.
             The game lasted 00:09:49 (5342 turns).

DogServant the Zephyrmancer (AvAE)                  Turns: 5342, Time: 00:09:49

Health: -2/41      AC:  3    Str:  6    XL:     8   Next: 16%
Magic:  16/16      EV: 13    Int: 23    God:    Sif Muna [......]
Gold:   166        SH:  0    Dex: 14    Spells: 3/15 levels left

rFire    . . .     SeeInvis .   q - +1 short sword (elec)
rCold    . . .     Gourm    .   (no shield)
rNeg     + . .     Faith    .   a - +1 robe
rPois    .         Spirit   .   (no helmet)
rElec    .         Reflect  .   (no cloak)
rCorr    .         Harm     .   (no gloves)
MR       .....                  (no boots)
Stlth    ++........             (no amulet)
HPRegen  0.13/turn              r - ring of positive energy (curse)
MPRegen  0.15/turn              (no ring)

@: swift, about to teleport, quick
A: no striking features
a: Divine Energy, Renounce Religion


You were on level 5 of the Dungeon.
You worshipped Sif Muna.
Sif Muna was noncommittal.
You were not hungry.

You visited 2 branches of the dungeon, and saw 6 of its levels.

You collected 166 gold pieces.

Inventory:

Hand Weapons
 q - a +1 short sword of electrocution (weapon)
Missiles
 k - 51 needles of frenzy {=f}
Armour
 a - a +1 robe (worn)
 m - a +0 helmet
Jewellery
 r - a cursed ring of positive energy (left hand)
Wands
 l - a wand of polymorph (15)
 x - a wand of iceblast (8)
Scrolls
 d - a scroll of remove curse
 o - 2 scrolls of teleportation
 p - a scroll of fear {unknown}
 v - a scroll of fog {unknown}
Potions
 b - a potion of brilliance
 c - 3 potions of flight
 h - a potion of lignification
 i - a potion of berserk rage
 j - 5 potions of curing
 t - a potion of invisibility {unknown}
 u - a potion of agility {unknown}
Comestibles
 e - 4 rations {!d}


   Skills:
 - Level 2.3 Dodging
 - Level 2.3 Stealth
 - Level 4.0 Spellcasting
 + Level 8.1 Conjurations
 + Level 9.0 Air Magic


You had 3 spell levels left.
You knew the following spells:

 Your Spells              Type           Power        Failure   Level  Hunger
a - Shock                 Conj/Air       #####        1%          1    None
b - Airstrike             Air            #####.....   2%          4    #####..
c - Lightning Bolt        Conj/Air       #####.....   9%          5    ######.
d - Swiftness             Chrm/Air       ####....     2%          2    None

Your spell library contained the following spells:

 Spells                   Type           Power        Failure   Level  Hunger
 Static Discharge         Air            #####...     1%          3    ###....


Dungeon Overview and Level Annotations

Branches:
Dungeon (5/12)             Temple (1/1) D:5

Altars:
Ashenzari
Dithmenos
Elyvilon
Fedhas
Hepliaklqana
Kikubaaqudgha
Makhleb
Nemelex Xobeh
Okawaru
Ru
Sif Muna
Trog
Uskayaw
Vehumet
Wu Jian
Xom
Zin
The Shining One

Shops:
D:4 (   D:5 %

Annotations:
D:4 1 runed door


Message History

There is an open door here.
Okay, then.
As you read the scroll labeled DEXEOGGISA, it crumbles to dust.
The creatures around you are filled with an inner flame!
It was a scroll of immolation.
Okay, then.
As you read the scroll labeled AVI ALIADOAH, it crumbles to dust.
It is a scroll of enchant armour.
Your +0 robe glows green for a moment.
As you read the scroll labeled XETHIRA PIVEUSH, it crumbles to dust.
It is a scroll of enchant weapon.
Your +0 short sword of electrocution glows red for a moment.
As you read the scroll labeled AWEQURHICS, it crumbles to dust.
You feel strangely unstable.
It was a scroll of teleportation.
The ice beast hits you but does no damage.
The ice beast hits you but does no damage.
The ice beast hits you.
* * * LOW HITPOINT WARNING * * *
The ice beast freezes you!
You die...

# # # # ###+##
##+###########
##...###..#.........#
##........'.........#
.#........#.........#
..........#.....@YO.#
...........###......#
.#.........#∩+......#
#....#####(###......#
####..###.#####+#####
# .................#
.#.................#
...................#
...................#


You could see a two-headed ogre (inner flame) and an ice beast (inner flame).

Vanquished Creatures
  Grinder (D:4)
  2 phantoms (D:4)
  2 crimson imps (D:4)
  A gnoll shaman (D:4)
  3 orc priests
  4 orc wizards (D:4)
  A bullfrog skeleton (D:4)
  An iguana (D:4)
  Ijyb (D:4)
  A hound skeleton (D:3)
  Robin (D:4)
  4 gnolls (D:4)
  5 adders
  3 worms
  5 leopard geckos
  14 orcs
  2 bats
  6 giant cockroaches
  13 goblins
  12 hobgoblins
  4 jackals (D:2)
  2 quokkas
  5 frilled lizards
  4 kobolds
  3 rats
100 creatures vanquished.

Notes
Turn   | Place    | Note
-------+----------+-------------------------------------------
     0 | D:1      | DogServant the Avariel Air Elementalist began the quest for
                  | the Orb.
     0 | D:1      | Reached XP level 1. HP: 10/10 MP: 6/6
   104 | D:1      | Reached XP level 2. HP: 15/15 MP: 4/7
   602 | D:1      | Reached XP level 3. HP: 19/19 MP: 5/9
  1559 | D:2      | Reached XP level 4. HP: 19/24 MP: 7/11
  1897 | D:3      | Reached skill level 5 in Air Magic
  2291 | D:3      | Learned a level 4 spell: Airstrike
  2497 | D:3      | Reached XP level 5. HP: 28/28 MP: 6/13
  2962 | D:4      | Reached skill level 6 in Air Magic
  2962 | D:4      | Reached XP level 6. HP: 32/32 MP: 1/14
  2974 | D:4      | Noticed Robin
  2978 | D:4      | Killed Robin
  3065 | D:4      | Reached skill level 5 in Conjurations
  3404 | D:4      | Noticed a phantom
  3410 | D:4      | Killed a phantom
  3410 | D:4      | Reached skill level 7 in Air Magic
  3681 | D:4      | Reached XP level 7. HP: 26/36 MP: 3/15
  3829 | D:4      | Learned a level 5 spell: Lightning Bolt
  3832 | D:4      | Learned a level 2 spell: Swiftness
  3844 | D:4      | Noticed Grinder
  3845 | D:4      | Paralysed by Grinder for 4 turns
  4016 | D:4      | Reached skill level 8 in Air Magic
  4128 | D:4      | Killed Grinder
  4128 | D:4      | Reached XP level 8. HP: 41/41 MP: 1/16
  4382 | D:4      | Found Hekop's Weapon Shop.
  4460 | D:4      | Noticed Ijyb
  4463 | D:4      | Killed Ijyb
  4651 | D:4      | Found a runed door.
  4811 | D:4      | Reached skill level 9 in Air Magic
  5129 | D:5      | Entered Level 5 of the Dungeon
  5143 | D:5      | Found Siorghaoqo's Food Emporium.
  5155 | D:5      | Found a staircase to the Ecumenical Temple.
  5172 | D:5      | Noticed a two-headed ogre
  5181 | Temple   | Entered the Ecumenical Temple
  5300 | Temple   | Became a worshipper of Sif Muna the Loreminder
  5342 | D:5      | Slain by an ice beast

Skill      XL: |  1  2  3  4  5  6  7  8 |
---------------+-------------------------+-----
Spellcasting   | 3 4 |  4.0
Conjurations   | 2 3 4 6 7 8 |  8.1
Air Magic      | 5 6 7 8 9 |  9.0
Dodging        | |  2.3
Stealth        | |  2.3

Action                   |  1- 3 |  4- 6 |  7- 9 || total
-------------------------+-------+-------+-------++-------
Melee: Unarmed           |     4 |     1 |       ||     5
       Short sword       |       |     9 |     2 ||    11
 Cast: Shock             |    68 |    94 |    35 ||   197
       Airstrike         |       |     7 |    14 ||    21
       Swiftness         |       |       |     1 ||     1
  Use: Scroll            |       |     1 |     7 ||     8
       Potion            |       |       |     1 ||     1
  Eat: Chunk             |     3 |     7 |    10 ||    20
       Ration            |       |     1 |       ||     1
Armor: Robe              |     5 |     6 |     2 ||    13
Dodge: Dodged            |     5 |    29 |     8 ||    42
